Map: Cactus Valley LE (Void)

Players

Musumeci - Winner!

  • Race: Zerg Zerg
  • League: Diamond
  • Spawn Location: 1:00

Andi

  • Race: Terran Terran
  • League: Master
  • Spawn Location: 5:00

VOD

Have the link to the VOD?

Description

Time

  • Played on: March 24, 2017, 8:16 a.m.
  • Length: 15:45
Show
View Real Time Build Order
Export as new Build Order

Musumeci Zerg - Winner!

Build Orders: Hatch First 

Get SALT Encoding   

  12  0:01  Drone  
  13  0:08  Drone  
  13  0:13  Extractor  
  13  0:16  Drone  
  15  0:40  Hatchery  
  14  0:45  Extractor  
  14  0:46  Drone  
  15  1:02  Spawning Pool  
  14  1:15  Drone, Extractor  
  14  1:16  Drone, Extractor  
  16  1:19  Overlord  
  16  1:39  Drone x2  
  18  1:48  Drone  
  18  1:52  Queen  
  18  1:53  Queen  
  23  1:57  Drone  
  23  2:00  Drone  
  25  2:06  Overlord  
  25  2:10  Drone  
  25  2:14  Drone  
  27  2:20  Drone  
  27  2:32  Spore Crawler  
  26  2:38  Queen x2  
  26  2:41  Drone  
  32  2:45  Drone x3  
  32  2:47  Drone  
  36  3:09  Overlord  
  36  3:10  Overlord  
  36  3:11  Overlord  
  36  3:21  Extractor  
  36  3:22  Drone, Extractor  
  36  3:23  Drone, Roach Warren  
  36  3:24  Drone  
  36  3:28  Drone x4  
  40  3:54  Evolution Chamber  
  39  3:55  Evolution Chamber  
  39  3:58  Drone x5  
  39  3:59  Drone x3  
  46  4:11  Hatchery  
  45  4:37  Roach x2  
  49  4:39  Roach x3  
  55  4:47  Drone  
  55  4:48  Drone x2  
  55  4:49  Extractor  
  55  4:51  Drone x3  
  55  4:52  Extractor  
  59  4:53  Drone  
  60  5:00  Overlord  
  60  5:04  Overlord  
  60  5:16  Spore Crawler  
  60  5:17  Drone  
  60  5:19  Drone x5  
  60  5:20  Spore Crawler  
  64  5:21  Spore Crawler  
  64  5:23  Spore Crawler  
  64  5:25  Roach  
  64  5:26  Roach  
  66  5:29  Roach  
  70  5:35  Roach  
  70  5:36  Roach  
  70  5:37  Ravager  
  70  5:38  Ravager x4  
  70  6:01  Roach  
  70  6:02  Roach x5  
  82  6:20  Overlord x9  
  82  6:21  Overlord x2  
  82  6:25  Lair  
  82  6:36  Zerg Missile Weapons Level 1  
  82  6:40  Drone x3  
  82  6:41  Drone  
  82  6:42  Evolution Chamber  
  85  7:02  Extractor  
  85  7:05  Spore Crawler  
  85  7:06  Spore Crawler  
  81  7:16  Drone x2  
  81  7:17  Drone x14  
  95  7:24  Drone x5  
  95  7:26  Drone  
  99  7:31  Glial Reconstitution  
  99  7:34  Zerg Ground Armor Level 1  
  99  7:40  Extractor  
  98  7:56  Roach x9  
  98  7:58  Ravager x4  
  119  7:59  Ravager  
  119  8:00  Ravager x2  
  119  8:01  Ravager  
  119  8:03  Ravager  
  119  8:04  Ravager  
  126  8:09  Drone  
  127  8:16  Spore Crawler  
  127  8:19  Drone x2  
  129  8:20  Drone x3  
  129  8:22  Overlord  
  131  8:40  Roach x8  
  147  8:42  Ravager x4  
  147  8:43  Ravager  
  147  8:46  Zergling x2  
  153  8:54  Hatchery, Overlord x3  
  153  8:55  Overlord  
  146  10:09  Zerg Missile Weapons Level 2, Zerg Ground Armor Level 2  
  146  10:14  Infestation Pit  
  146  10:17  Drone x4  
  146  10:18  Spine Crawler  
  146  10:19  Spine Crawler x2  
  146  10:21  Spine Crawler  
  146  10:24  Spine Crawler  
  146  10:26  Drone x7  
  151  10:42  Zergling x2  
  152  10:45  Ravager x9  
  152  10:46  Ravager x2  
  152  10:48  Roach x15  
  193  10:50  Extractor  
  193  10:53  Extractor  
  113  11:36  Ravager x3  
  113  11:37  Ravager x9  
  113  11:38  Roach x9  
  113  11:39  Roach x3  
  149  12:01  Roach x12  
  152  12:08  Ravager x2  
  136  12:09  Roach  
  138  12:21  Spine Crawler  
  138  12:22  Spine Crawler, Drone x3  
  139  12:23  Drone x3  
  139  12:27  Ravager x4  
  119  12:45  Roach x13  
  143  13:06  Roach x5  
  143  13:07  Roach x8  
  169  13:18  Ravager x4  
  170  13:34  Spine Crawler  
  170  13:37  Spine Crawler  
  158  13:48  Roach x15  
  136  13:49  Roach x5  
  143  13:56  Hive  
  137  14:22  Roach x5  
  137  14:23  Roach x11  
  163  14:33  Roach x5  
  160  14:43  Ravager x8  
  168  14:46  Ravager  
  168  14:47  Ravager  
  168  14:48  Ravager  
  136  15:10  Ravager x2  
  136  15:11  Ravager x3  
  141  15:17  Ravager x2  
  145  15:21  Roach x5  
  145  15:22  Roach x3  
  159  15:40  Extractor  
  159  15:41  Hatchery  
  159  15:42  Extractor  
Show
View Real Time Build Order
Export as new Build Order

Andi Terran 

Build Orders: Reaper Expand 

Get SALT Encoding   

  12  0:00  SCV  
  13  0:12  SCV  
  14  0:18  Supply Depot  
  14  0:25  SCV  
  15  0:40  SCV  
  15  0:41  Barracks  
  16  0:45  Refinery  
  16  0:52  SCV  
  18  1:04  SCV  
  18  1:16  SCV  
  19  1:29  Orbital Command, Reaper  
  20  1:47  Command Center  
  20  1:55  SCV  
  20  2:00  Marine  
  22  2:01  Supply Depot  
  22  2:08  SCV  
  22  2:13  Factory  
  23  2:22  Refinery  
  23  2:25  SCV  
  24  2:36  Barracks Reactor  
  25  2:37  SCV  
  25  2:49  SCV  
  26  3:00  Orbital Command, Factory  
  26  3:01  SCV  
  27  3:08  Supply Depot  
  27  3:13  SCV  
  28  3:22  Hellion x2  
  28  3:24  Barracks Tech Lab  
  28  3:26  SCV  
  28  3:27  SCV  
  34  3:32  Supply Depot  
  34  3:38  SCV  
  34  3:39  SCV  
  36  3:47  Hellion x2  
  40  3:54  Barracks Reactor, SCV x2  
  42  3:57  Bunker  
  42  3:59  Siege Tank  
  45  4:04  Infernal Pre-Igniter  
  45  4:06  SCV  
  45  4:07  SCV  
  45  4:08  Supply Depot  
  47  4:12  Hellion  
  47  4:16  Hellion  
  51  4:18  SCV  
  51  4:19  SCV  
  53  4:31  SCV x2, Siege Tank  
  57  4:36  Marine x2  
  59  4:39  Supply Depot  
  59  4:43  SCV x2  
  61  4:46  Armory, Hellion  
  61  4:49  Hellion  
  65  4:55  SCV x2  
  65  4:58  Marine x2  
  69  5:02  Supply Depot  
  69  5:06  Siege Tank  
  72  5:07  SCV x2  
  72  5:10  Hellion  
  76  5:17  Marine x2  
  78  5:23  SCV x2  
  78  5:25  Supply Depot  
  78  5:26  Hellion  
  82  5:32  Supply Depot  
  82  5:34  Marine  
  82  5:35  Marine  
  84  5:44  SCV x2  
  84  5:53  Marine x2  
  84  5:54  Hellion x2, Siege Tank  
  70  6:07  Refinery x2  
  70  6:08  SCV x2  
  70  6:09  Command Center  
  70  6:10  Marine  
  70  6:19  Engineering Bay  
  70  6:21  Hellion, Engineering Bay  
  72  6:26  Siege Tank  
  72  6:28  Hellion  
  72  6:29  SCV x2  
  79  6:37  Supply Depot  
  79  6:46  SCV x2  
  81  6:56  Barracks x2  
  81  6:57  Barracks  
  81  6:58  SCV  
  80  7:02  SCV, Barracks  
  81  7:10  SCV  
  81  7:12  Hellion x2, Siege Tank, Marine  
  81  7:14  SCV  
  91  7:23  SCV  
  91  7:26  Marine  
  89  7:30  Orbital Command  
  89  7:34  SCV  
  89  7:35  SCV  
  89  7:36  Terran Infantry Armor Level 1, Terran Infantry Weapons Level 1  
  91  7:43  Barracks Tech Lab x2  
  91  7:45  Barracks Reactor  
  91  7:46  Starport  
  91  7:54  Barracks Reactor  
  91  8:08  Factory Tech Lab, Stimpack, Combat Shields  
  91  8:09  Marauder x2, Marine x2  
  91  8:10  Starport  
  91  8:11  SCV x3  
  100  8:21  Supply Depot  
  100  8:23  Supply Depot  
  100  8:24  Marine x4  
  100  8:26  Medivac  
  107  8:27  Marine  
  107  8:31  Supply Depot  
  107  8:33  Supply Depot  
  107  8:36  Marine x2  
  107  8:37  Marauder, Siege Tank x2  
  117  8:43  Marine x3  
  117  8:44  Marine  
  121  8:58  Marine x3  
  121  8:59  Marauder  
  126  9:03  Marine x3  
  126  9:05  Medivac x2  
  133  9:14  Marine  
  133  9:16  Marauder  
  136  9:20  Marine x3  
  139  9:26  Concussive Shells  
  139  9:33  Marine x3  
  139  9:35  Medivac  
  139  9:37  Orbital Command  
  139  9:38  Marauder x2  
  148  9:43  Marine  
  148  9:44  Marine  
  150  9:52  Marine  
  150  9:53  Marine x3, Supply Depot x2  
  150  9:59  Marauder, Marine  
  157  10:03  Terran Infantry Weapons Level 2, Terran Infantry Armor Level 2  
  157  10:12  Siege Tank x2  
  157  10:13  Marine x3  
  158  10:17  Marauder  
  160  10:23  Supply Depot  
  160  10:24  Marine x3  
  160  10:26  Starport Tech Lab, Starport Reactor  
  160  10:28  Supply Depot  
  163  10:34  SCV  
  163  10:35  Sensor Tower  
  164  10:36  Refinery  
  164  10:37  Marine x3  
  167  10:53  Bunker, Marine x5  
  167  10:56  Fusion Core  
  172  10:59  Marine x2  
  172  11:03  Siege Tank x2  
  180  11:04  Marine  
  180  11:10  Marine  
  180  11:11  Marauder, Command Center  
  141  11:27  Medivac  
  141  11:28  Medivac x2  
  141  11:32  Marine x2  
  132  11:33  Marauder x2, Marine x4  
  141  11:50  Marine  
  141  11:54  Marauder  
  141  11:55  Marauder  
  141  11:57  Medivac  
  130  12:02  Marine x3  
  130  12:06  Marine  
  130  12:07  Marine  
  130  12:08  Marine  
  122  12:10  Siege Tank x2  
  122  12:12  Medivac  
  122  12:15  Medivac  
  132  12:16  Marauder x2  
  136  12:23  Marine x3  
  136  12:28  Marine x3  
  142  12:35  Liberator  
  135  12:37  Marauder x2  
  134  12:47  Marine, Siege Tank x2  
  134  12:48  Marine x5  
  138  12:58  Marine  
  141  12:59  Marauder  
  141  13:05  Marine  
  143  13:08  Marine x4  
  143  13:09  Marine  
  149  13:16  Marine  
  150  13:20  Marine  
  150  13:23  Marine  
  152  13:31  Marine  
  152  13:32  Marine x4  
  152  13:34  Marine  
  157  13:37  Marine  
  127  13:48  Marine  
  127  13:49  Marine  
  127  13:50  Marine x3  
  127  13:52  Marauder  
  127  13:54  Orbital Command, Planetary Fortress  
  117  13:56  Marauder  
  111  14:04  Marine  
  111  14:06  Marine  
  111  14:07  Marine  
  112  14:13  Marauder  
  114  14:17  Marauder  
  114  14:18  Marine x2  
  114  14:19  Marine  
  114  14:21  Marine  
  114  14:35  Marauder  
  113  14:39  Marauder  
  113  14:45  Command Center  
  115  14:46  Marine x5  
  120  14:54  Marine  
  120  14:56  Marauder  
  120  14:59  Marine  
  106  15:03  Marine  
  97  15:13  Marine x5  
  101  15:17  Marauder  
  101  15:18  Marauder, Barracks  
Tags
 
Add a new tag
Caveats
  • Supply blocks, unpowered buildings, or Contaminate may cause inaccurate times.
  • Supply counts are checked every 10 seconds.